Map: Newkirk Precinct TE (Void)

Players

MaNa

  • Race: Protoss Protoss
  • Spawn Location: 7:00

ShoWTimE - Winner!

  • Race: Protoss Protoss
  • Spawn Location: 5:00

Event: IEM XI Katowice - World Championship 2017

VOD

Have the link to the VOD?

Description

Time

  • Played on: March 3, 2017, 12:20 p.m.
  • Length: 6:03

All games in this series

Show
View Real Time Build Order
Export as new Build Order

MaNa Protoss 

Build Orders:  

Get SALT Encoding   

  12  0:01  Probe (Chrono Boost)  
  13  0:11  Probe (Chrono Boost)  
  14  0:18  Pylon  
  14  0:22  Probe (Chrono Boost)  
  15  0:36  Probe (Chrono Boost)  
  15  0:38  Gateway  
  16  0:44  Assimilator  
  16  0:47  Probe (Chrono Boost)  
  17  0:55  Assimilator  
  17  0:57  Probe (Chrono Boost)  
  18  1:05  Gateway  
  18  1:08  Probe (Chrono Boost)  
  19  1:19  Probe (Chrono Boost)  
  19  1:25  Cybernetics Core  
  20  1:30  Probe (Chrono Boost)  
  21  1:40  Probe (Chrono Boost)  
  21  1:45  Pylon  
  22  1:51  Probe (Chrono Boost)  
  23  1:54  Warp Gate  
  23  2:02  Stalker x2  
  27  2:12  Mothership Core (Chrono Boost)  
  29  2:18  Pylon  
  29  2:32  Stalker  
  29  2:35  Stalker  
  33  2:46  Robotics Facility  
  33  2:57  Gateway  
  33  3:09  Stalker  
  33  3:12  Stalker  
  37  3:29  Pylon  
  37  3:32  Immortal  
  39  3:58  Adept x3  
  45  4:04  Pylon  
  45  4:14  Warp Prism  
  43  4:41  Adept x3  
  49  4:52  Immortal  
  51  5:06  Sentry  
  51  5:07  Sentry  
  55  5:13  Pylon  
  55  5:37  Adept x2  
  45  5:54  Adept  
Show
View Real Time Build Order
Export as new Build Order

ShoWTimE Protoss - Winner!

Build Orders:  

Get SALT Encoding   

  12  0:00  Probe (Chrono Boost)  
  13  0:11  Probe (Chrono Boost)  
  14  0:19  Pylon  
  14  0:22  Probe (Chrono Boost)  
  15  0:38  Gateway, Probe (Chrono Boost)  
  16  0:44  Assimilator  
  16  0:48  Probe (Chrono Boost)  
  17  0:53  Assimilator  
  17  0:59  Probe (Chrono Boost)  
  18  1:05  Gateway  
  18  1:09  Probe (Chrono Boost)  
  19  1:20  Probe (Chrono Boost)  
  19  1:24  Cybernetics Core  
  20  1:30  Probe (Chrono Boost)  
  21  1:34  Pylon  
  21  1:41  Probe (Chrono Boost)  
  22  1:51  Warp Gate, Probe (Chrono Boost)  
  23  2:01  Adept x2  
  23  2:02  Mothership Core (Chrono Boost)  
  29  2:11  Pylon  
  29  2:28  Stalker  
  29  2:29  Stalker  
  33  2:57  Nexus, Probe (Chrono Boost)  
  34  3:02  Sentry  
  36  3:10  Probe (Chrono Boost)  
  37  3:19  Robotics Facility  
  37  3:23  Probe (Chrono Boost)  
  37  3:27  Pylon  
  38  3:36  Probe (Chrono Boost)  
  40  3:49  Probe (Chrono Boost)  
  40  3:53  Sentry x2  
  44  4:01  Probe (Chrono Boost)  
  45  4:04  Observer  
  47  4:10  Probe (Chrono Boost)  
  47  4:13  Probe (Chrono Boost)  
  47  4:15  Twilight Council  
  48  4:17  Pylon  
  48  4:21  Pylon  
  48  4:22  Immortal  
  46  4:25  Stalker  
  52  4:37  Stalker  
  51  4:46  Gateway  
  51  4:52  Pylon  
  51  4:56  Adept  
  55  5:01  Immortal  
  53  5:11  Adept  
  55  5:28  Stalker  
  57  5:35  Stalker  
  40  5:51  Stalker  

Tags
 
Add a new tag
Caveats
  • Supply blocks, unpowered buildings, or Contaminate may cause inaccurate times.
  • Supply counts are checked every 10 seconds.